 Dungeon Crawl Stone Soup version 0.27-a0-1228-gfd60fd639a (webtiles) character file.

Game seed: 8701451983473539628

9 dickylongcocking the Magician (level 2, -1/22 HPs)
             Began as a Djinni Arcane Marksman on June 7, 2021.
             Slain by an endoplasm (3 damage)
             ... on level 1 of the Dungeon.
             The game lasted 00:00:35 (617 turns).

dickylongcocking the Magician (DjAM)                 Turns: 617, Time: 00:00:36

Health: -1/22      AC:  2    Str:  9    XL:     2   Next: 20%
Gold:   48         EV: 12    Int: 14    God:
                   SH:  0    Dex: 13

rFire    + + .     SeeInvis .   f - +0 short sword
rCold    x . .     Faith    .   (no shield)
rNeg     . . .     Spirit   .   a - +0 robe
rPois    ∞         Reflect  .   (no helmet)
rElec    .         Harm     .   (no cloak)
rCorr    .         Rampage  .   (no gloves)
Will     .....                  (boots unavailable)
Stlth    +.........             (no amulet)
HPRegen  0.07/turn              (no ring)
MPRegen  0.00/turn              (no ring)

@: flying
A: sickness immunity, fire resistance 2, cold vulnerability 1, float, innate
caster, hp casting, extra vitality 1
a: no special abilities


You were on level 1 of the Dungeon.
You visited 1 branch of the dungeon, and saw 1 of its levels.

You collected 48 gold pieces.

Inventory:

Hand Weapons
 f - a +0 short sword (weapon)
Missiles
 c - 5 javelins (quivered)
 d - 2 throwing nets
Armour
 a - a +0 robe (worn)
Magical Staves
 e - a staff of poison
Scrolls
 b - a scroll of enchant armour {unknown}
 h - a scroll of noise {unknown}
Potions
 g - a potion of curing {unknown}


   Skills:
 * Level 1.3 Fighting
 * Level 0.5 Short Blades
 - Level 1.5 Throwing
 - Level 2.3 Dodging
 - Level 2.5 Spellcasting


You couldn't memorise any spells.
You knew the following spells:

 Your Spells              Type           Power      Damage    Failure   Level
a - Corona                Hex            10%        N/A       8%          1
b - Slow                  Hex            9%         N/A       12%         2
c - Inner Flame           Hex/Fire       9%         N/A       24%         3
d - Portal Projectile     Hex/Tloc       18%        N/A       24%         3
e - Cause Fear            Hex            4%         N/A       61%         4
f - Leda's Liquefaction   Hex/Erth       4%         N/A       61%         4
Your spell library was empty.

Dungeon Overview and Level Annotations

Branches:
Dungeon (1/15)

Altars:


Innate Abilities, Weirdness & Mutations

You are immune to sickness and miasma.
You are immune to poison.
Your flesh is very heat resistant. (rF++)
You are vulnerable to cold. (rC-)
You float through the air rather than walking.
You learn spells naturally, not from books.
Your magical power is your life essence.
You have superior vitality. (+4 HP)


Message History

Found a club.
No target in view!
You see here a +0 club.
Found a stone staircase leading down. 2 jackals come into view.
There are monsters nearby!
A jackal comes into view.
The jackal barks!
An endoplasm comes into view.
The jackal bites you but does no damage.
The jackal barks!
The jackal closely misses you.
Casting: Corona (safe; 8% risk of failure)
Confirm with . or Enter, or press ? or * to list all spells.
Aiming: Corona (safe; 8% risk of failure)
Press: ? - help, Shift-Dir - straight line, f - endoplasm
Aim: an endoplasm (chance to affect: 62%)
The endoplasm is outlined in light.
The endoplasm closely misses you. The jackal barely misses you.
Unknown command.
Unknown command.
You hit the endoplasm but do no damage. The jackal bites you.
The endoplasm freezes you.
You are frozen.
You feel a terrible chill! The jackal bites you.
You hit the endoplasm but do no damage. The endoplasm freezes you.
You are frozen.
You feel a terrible chill! The endoplasm hits you.
You hit the endoplasm.
The endoplasm is heavily wounded.
The jackal bites you.
* * * LOW HITPOINT WARNING * * *
The jackal misses you. The endoplasm barely misses you.
Unknown command.
Okay, then.
You hit the endoplasm but do no damage.
The endoplasm is heavily wounded.
The jackal bites you.
* * * LOW HITPOINT WARNING * * *
The endoplasm hits you.
You die...

.....# ..............#
#..### ........#####.#
..... ........# #.#
....## ..####..# #.#
..... . #..# #.# ....
#..## #.# .... # #...#
#.####### ....
#..####.#.####........
#...J@hh.....#########
##.####.##.#.#
......>..# ###.##....#
#.# ....# ## #.# ....#
8#### #.# ....# ....##
#.# ....8#


You could see an endoplasm (corona) and 2 jackals.

Vanquished Creatures
  2 endoplasms (D:1)
  A goblin (D:1)
  2 hobgoblins (D:1)
  A frilled lizard (D:1)
  2 rats (D:1)
8 creatures vanquished.

Notes
Turn   | Place    | Note
-------+----------+-------------------------------------------
     0 | D:1      | dickylongcocking the Djinni Arcane Marksman began the quest
                  | for the Orb.
     0 | D:1      | Reached XP level 1. HP: 17/17 MP: 0/0
   225 | D:1      | Reached XP level 2. HP: 13/22 MP: 0/0
   507 | D:1      | Found a faded altar of an unknown god.
   617 | D:1      | Slain by an endoplasm

Illustrated notes

Levels and vault maps discovered:
D:1:      mrwooster_arrival_statue_2, layout_basic,
          hellmonk_ecumenical_altar_lost_god

Action                   || total
-------------------------++-------
Melee: Short sword       ||    24
       Unarmed           ||     1
Throw: Javelin           ||     4
 Cast: Corona            ||     5
Armor: Robe              ||     3
Dodge: Dodged            ||    19

Table legend: (Time is in decaauts)
 A = Elapsed time spent in this place.
 B = Non-inter-level travel time spent in this place.
 C = Inter-level travel time spent in this place.
 D = Time resting spent in this place.
 E = Time spent auto-exploring this place.
 F = Levels seen in this place.
 G = Mean time per level.
                   A        B        C        D        E       F      G
               +--------+--------+--------+--------+--------+-----+--------+
         Total |    619 |    619 |      0 |    223 |    309 |   1 |  619.0 |
       Dungeon |    619 |    619 |      0 |    223 |    309 |   1 |  619.0 |
               +--------+--------+--------+--------+--------+-----+--------+

Top non-repeatable levels by time:
     D:1: 619 daAuts
